AoeStats
← gh0stwr1ter

Golden Pit

510132451Analyzed
1v1 RM · 4d ago on Sep 29, 2026· 40m 11s· 2 players
Game mode
Random Map
Map size
Tiny (2 player)
Population
200
Speed
Normal
Resources
Standard
Victory
Conquest
Starting age
Dark Age
Ending age
Imperial Age
RankedLock teamsTeams togetherTeam positionsShared explorationLock speedFull tech treeHidden civsTurbo modeCheats
Victory
Defeat
🇦🇷 Bengalis · Argentina
1938
+7
🇺🇸 Celts · United States
1704
-7
gh0stwr1ter
7:34 Loom
7:39 Loom
10:58 Feudal Age
11:55 Double-Bit Axe
11:52 Horse Collar
15:35 Fletching
21:33 Castle Age
20:56 Stone Mining
21:20 Gold Mining
21:22 Stone Mining
22:23 Bodkin Arrow
22:52 Bow Saw
22:19 Crossbowman
24:11 Scale Mail Armor
32:53 Wheelbarrow
35:04 Chain Mail Armor
38:11 Hand Cart
39:49 Masonry
Knolte
6:46 Loom
9:03 Feudal Age
10:37 Double-Bit Axe
15:32 Fletching
20:29 Castle Age
19:57 Horse Collar
20:09 Gold Mining
22:29 Wheelbarrow
23:52 Bow Saw
33:59 Imperial Age
33:56 Scale Mail Armor
34:07 Forging
34:02 Scale Barding Armor
34:10 Bodkin Arrow
35:03 Gold Shaft Mining
34:18 Stone Mining
35:48 Iron Casting
37:01 Bracer
39:49 Heavy Plow
40:33 Ballistics
Connection lost

Rejoining the realm…

Still unreachable

The connection could not be restored.

Session expired

The server has moved on; the page needs a fresh start.